 Dungeon Sprint DCSS version 0.31.0-7-gf635a9b802 (webtiles) character file.

Game seed: 3059655890245447213

5 DiggyJ the Chopper (level 1, 9/23 HPs)
             Began as an Oni Gladiator on Jan 23, 2024.
             Quit the game in the Dungeon (Sprint II: "The Violet Keep of Menkaure").
             The game lasted 00:00:10 (20 turns).

DiggyJ the Chopper (Oni Gladiator)                    Turns: 20, Time: 00:00:11

Health: 9/23       AC:  3    Str: 17    XL:     1   Next: 80%
Magic:  1/1        EV: 10    Int:  9    God:
Gold:   243        SH:  0    Dex: 10    Spells: 0/0 levels left

rFire   . . .        a - +0 war axe
rCold   . . .        (no shield)
rNeg    . . .        b - +0 robe
rPois   .            c - +0 hat
rElec   .            (no cloak)
rCorr   .            (gloves unavailable)
SInv    .            (boots unavailable)
Will    .....        (no amulet)
Stlth   +            (no ring)
HPRegen 0.23/turn    (no ring)
MPRegen 0.07/turn

%: no teleportation
@: no status effects
A: large, unfitting armour, horns 1, tough skin 1, double potion healing,
drunken brawling
a: no special abilities


You were in the Dungeon.
You visited 1 branch You collected 243 gold pieces.

Inventory:

Hand Weapons
 a - a +0 war axe (weapon)
Missiles
 d - 3 throwing nets (quivered)
 e - a large rock
Armour
 b - a +0 robe (worn)
 c - a +0 hat (worn)
Scrolls
 k - a scroll of blinking
Potions
 f - a potion of curing
 g - a potion of heal wounds
 h - a potion of haste
 i - 2 potions of magic
 j - a potion of berserk rage


   Skills:
 + Level 3.1 Fighting
 + Level 3.7 Axes
 + Level 2.2 Throwing
 + Level 3.3 Dodging


You couldn't memorise any spells.
You didn't know any spells.
Your spell library was empty.

Dungeon Overview and Level Annotations

Branches:
Dungeon (1/1)

Altars:


Innate Abilities, Weirdness & Mutations

You are too large for most types of armour.
You have a pair of small horns on your head.
You have tough skin. (AC +1)
You gain doubled healing and magic from potions.
Whenever you drink a healing potion, you attack all around you.


Message History

The ribbon worm bites you. The ribbon worm closely misses you.
You slash the ribbon worm! You headbutt the ribbon worm.
You kill the ribbon worm!
You barely miss the ribbon worm. The ribbon worm bites you.
Your Fighting skill increases to level 3!
Your Dodging skill increases to level 3!
The ribbon worm bites you but does no damage.
Things that are here:
243 gold pieces; a ribbon worm corpse You hit the ribbon worm but do no damage.
The ribbon worm bites you!
Unknown command.
You slash the ribbon worm! Your headbutt misses the ribbon worm.
The ribbon worm is heavily wounded.
The ribbon worm expels a string of sticky webbing.
The stream of webbing hits you but does no damage.
You are caught in a web!
The web tears apart.
The ribbon worm bites you.
You barely miss the ribbon worm.
The ribbon worm is moderately wounded.
The ribbon worm expels a string of sticky webbing.
The stream of webbing hits you but does no damage.
You are caught in a web!
The web tears apart.
The ribbon worm barely misses you.
You slash the ribbon worm!
The ribbon worm is severely wounded.
The ribbon worm expels a string of sticky webbing.
The stream of webbing hits you but does no damage.
You are caught in a web!
The web tears apart.
You hit the ribbon worm but do no damage.
You headbutt the ribbon worm.
The ribbon worm is almost dead.
The ribbon worm bites you.
You slash the ribbon worm!
You kill the ribbon worm!
You see here a ribbon worm corpse.
You now have 243 gold pieces.
You see here a ribbon worm corpse.
Are you sure you want to abandon this character and quit the game? (Confirm with "yes".)

##
#+###.##
##.##†..#
+.<.'@##+
##.####
#+#


There were no monsters in sight!

Vanquished Creatures
  2 ribbon worms (D)
2 creatures vanquished.

Notes
Turn   | Place    | Note
-------+----------+-------------------------------------------
     0 | D        | DiggyJ the Oni Gladiator began the quest for the Orb.
     0 | D        | Reached XP level 1. HP: 22/22 MP: 1/1
    20 | D        | Quit the game

Illustrated notes

Levels and vault maps discovered:
D:        the_violet_keep_of_menkaure [sprint2_stairs_cluster_1,
          sprint2_shoproom, sprint2_temple, sprint2_basic_supplies,
          sprint2_obstacle_5, sprint2_obstacle_3, sprint2_obstacle_7,
          sprint2_obstacle_1, sprint2_obstacle_4, sprint2_timed_cluster_1,
          sprint2_smallroom_cluster_1, sprint2_smallroom_final_cluster_1,
          sprint2_transparent_cluster_1, sprint2_second_timed_cluster_1,
          sprint2_sniper_area_1, sprint2_heavy_combat_area_1,
          sprint2_mutation_trap_area_1, sprint2_forest_area_1,
          sprint2_light_combat_area_1, sprint2_behind_water_1,
          sprint2_near_end_vault_1]

Skill      XL: |  1 |
---------------+----+-----
Fighting       | 3 |  3.1
Dodging        | 3 |  3.3
Axes           | |  3.7
Throwing       | |  2.2

Action                     || total
---------------------------++-------
  Melee: War axe           ||     8
         Headbutt          ||     3
 Armour: Robe              ||     6
  Dodge: Dodged            ||     4
